 Dungeon Crawl Stone Soup version 0.29.1-2-gbd0b4ee654 (webtiles) character file.

Game seed: 12511669750071079935

22 Descartes the Twirler (level 2, 0/14 HPs)
             Began as a Spriggan Wanderer on Nov 24, 2022.
             Slain by an adder (1 damage)
             ... on level 1 of the Dungeon.
             The game lasted 00:02:46 (1539 turns).

Descartes the Twirler (Spriggan Wanderer)           Turns: 1539, Time: 00:02:46

Health: 0/14       AC:  2    Str:  6    XL:     2   Next: 68%
Magic:  5/5        EV: 17    Int: 11    God:
Gold:   87         SH:  0    Dex: 18    Spells: 4/4 levels left

rFire   . . .      SeeInvis +   a - +1 quarterstaff (vorpal)
rCold   . . .      Faith    .   (shield currently unavailable)
rNeg    . . .      Spirit   .   c - +0 robe
rPois   .          Reflect  .   (helmet restricted)
rElec   .          Harm     .   (no cloak)
rCorr   .          Rampage  .   (gloves unavailable)
Will    .....                   (boots unavailable)
Stlth   ++........              (no amulet)
HPRegen 0.04/turn               (no ring)
MPRegen 0.09/turn               (no ring)

@: very quick
A: very small, no large weapons, unfitting armour, see invisible, speed 3
a: no special abilities


You were on level 1 of the Dungeon.
You visited 1 branch of the dungeon, and saw 2 of its levels.

You collected 87 gold pieces.

Inventory:

Hand Weapons
 a - a +1 vorpal quarterstaff (weapon)
 e - a +0 dagger
 f - a +0 sling
Armour
 c - a +0 robe (worn)
Jewellery
 j - a ring of resist corrosion
Scrolls
 b - 2 scrolls of teleportation
 d - a scroll of identify {unknown}
 g - a scroll of noise {unknown}
 k - a scroll of magic mapping {unknown}
Potions
 h - a potion of curing {unknown}
 i - a potion of might {unknown}


   Skills:
 - Level 1.5 Fighting
 - Level 2.9 Staves
 + Level 0.4 Ranged Weapons
 + Level 2.2 Dodging
 + Level 1.9 Stealth
 - Level 2.4 Unarmed Combat
 + Level 1.5 Spellcasting


You had 4 spell levels left.
You didn't know any spells.
Your spell library contained the following spells:

 Spells                   Type           Power      Damage    Failure   Level
 Ensorcelled Hibernation  Hex/Ice        0%         N/A       43%         2
 Spider Form              Tmut/Pois      0%         N/A       67%         3
 Anguish                  Hex/Necr       0%         N/A       97%         4


Dungeon Overview and Level Annotations

Branches:
Dungeon (2/15)

Altars:


Innate Abilities, Weirdness & Mutations

You are very small and have problems with some larger weapons.
You are too small for most types of armour.
You have supernaturally acute eyesight. (SInv)
You cover ground extremely quickly. (Speed+++)


Message History

HP restored.
Partly explored, can't reach some places.
Partly explored, can't reach some places.
You open the door.
There is an open door here.
You barely miss the adder. The adder completely misses you.
You barely miss the adder. The adder bites you.
You barely miss the adder. The adder barely misses you.
The adder bites you but does no damage.
You barely miss the adder. The adder bites you.
You barely miss the adder. The adder bites you. x2
You are poisoned.
The adder poisons you!
You are too injured to fight recklessly!
You are too injured to fight recklessly!
You hit the adder.
The adder is lightly wounded.
You feel sick. The adder closely misses you.
You hit the adder.
The adder is severely wounded.
* * * LOW HITPOINT WARNING * * *
You feel sick. The adder misses you. x2
You miss the adder.
The adder is severely wounded.
* * * LOW HITPOINT WARNING * * *
You feel sick. The adder closely misses you.
You hit the adder but do no damage.
The adder is severely wounded.
* * * LOW HITPOINT WARNING * * *
You feel sick. The adder closely misses you. The adder misses you.
You barely miss the adder.
The adder is severely wounded.
* * * LOW HITPOINT WARNING * * *
You feel sick.
You are no longer poisoned.
The adder bites you but does no damage.
You closely miss the adder.
The adder is severely wounded.
The adder bites you.
You die...

#.~##.## #.# ##+#.. #P.~#..# #.#
##...## #..~#### #.#### ##.....#
##P.._8# ##.##.## ##.......
###############......####........
'..............###......'........
####...##.####.#.....####........
# #...#####.........# ##.......
#...## #....@....# ##.....#
#...#≈# #....S....# ##...##
#..##≈≈##.........# ##)##
#..##≈≈≈#.........# #.#
#...##≈≈≈~........# #.#
#...##≈≈≈≈~~~~~...# ##.##
##########≈≈≈≈≈≈≈~~~~## ##...##
.......# ###~~~~≈≈≈≈~~## #..S..#
######## #...≈~~~~≈≈~## ##..†##


You could see an adder.

Vanquished Creatures
  A dart slug (D:1)
  2 bats (D:1)
  2 endoplasms (D:1)
  2 giant cockroaches (D:1)
  2 hobgoblins (D:1)
  2 kobolds (D:1)
  A quokka (D:1)
  A ball python (D:1)
  A frilled lizard (D:1)
  2 goblins
  2 rats
18 creatures vanquished.

Notes
Turn   | Place    | Note
-------+----------+-------------------------------------------
     0 | D:1      | Descartes the Spriggan Wanderer began the quest for the
                  | Orb.
     0 | D:1      | Descartes set off with the following items: a +1 vorpal
                  | quarterstaff, 2 scrolls of teleportation, a +0 robe.
     0 | D:1      | Reached XP level 1. HP: 10/10 MP: 2/2
    67 | D:1      | Reached skill level 1 in Stealth
   406 | D:1      | Found a faded altar of an unknown god.
   478 | D:1      | Reached skill level 1 in Spellcasting
   509 | D:1      | Reached XP level 2. HP: 12/14 MP: 4/4
  1539 | D:1      | Slain by an adder

Illustrated notes

Levels and vault maps discovered:
D:1:      lemuel_arrival_river_ford, layout_loops_corners,
          shapermc_ecumenical_altar_hornbeckon, kennysheep_pointless_box
D:2:      layout_rooms, minmay_misc_feat_chi, minmay_tiny_reverse_x

Skill      XL: |  1  2 |
---------------+-------+-----
Stealth        | 1 |  1.9
Spellcasting   | 1 |  1.5
Dodging        | 2 |  2.2
Fighting       | |  1.5
Staves         | |  2.9
Ranged Weapons | |  0.4
Unarmed Combat | |  2.4

Action                   || total
-------------------------++-------
Melee: Quarterstaff      ||    32
 Fire: Sling             ||    28
 Stab: Sleeping          ||     1
Armor: Robe              ||    13
Dodge: Dodged            ||    55
